 Dungeon Crawl Stone Soup version 0.28.0-53-g5a82cb258f (webtiles) character file.

Game seed: 9035124522871554879

393 safid the Cleaver (level 6, -3/52 HPs)
             Began as a Hill Orc Fighter on July 8, 2022.
             Was an Initiate of Beogh.
             Slain by a sky beast (6 damage)
             ... on level 5 of the Dungeon.
             The game lasted 00:04:52 (4343 turns).

safid the Cleaver (Hill Orc Fighter)                Turns: 4343, Time: 00:04:53

Health: -3/52      AC:  8    Str: 21    XL:     6   Next: 81%
Magic:  6/6        EV:  9    Int:  8    God:    Beogh [......]
Gold:   175        SH:  4    Dex: 10    Spells: 5/5 levels left

rFire   . . .      SeeInvis .   a - +0 war axe
rCold   . . .      Faith    .   c - +0 buckler
rNeg    . . .      Spirit   .   b - +0 scale mail
rPois   .          Reflect  .   (no helmet)
rElec   .          Harm     .   (no cloak)
rCorr   .          Rampage  .   p - +0 pair of gloves
Will    .....                   (no boots)
Stlth   ..........              (no amulet)
HPRegen 0.17/turn               (no ring)
MPRegen 0.10/turn               (no ring)

@: no status effects
A: no striking features
a: Renounce Religion


You were on level 5 of the Dungeon.
You worshipped Beogh.
Beogh was noncommittal.
You visited 1 branch of the dungeon, and saw 5 of its levels.

You collected 175 gold pieces.

Inventory:

Hand Weapons
 a - a +0 war axe (weapon)
Missiles
 h - 4 boomerangs (quivered)
 n - 2 throwing nets
Armour
 b - a +0 scale mail (worn)
 c - a +0 buckler (worn)
 p - a +0 pair of gloves (worn)
Scrolls
 e - 2 scrolls of torment {unknown}
 f - a scroll of blinking {unknown}
 g - a scroll of noise {unknown}
 l - 3 scrolls of immolation {unknown}
 m - 2 scrolls of identify {unknown}
 o - 2 scrolls of teleportation {unknown}
Potions
 d - a potion of might
 i - 2 potions of cancellation {unknown}
 j - 2 potions of degeneration {unknown}
 k - a potion of lignification {unknown}
 q - a potion of invisibility {unknown}


   Skills:
 - Level 4.0 Fighting
 + Level 8.2 Axes
 - Level 4.0 Armour
 - Level 4.0 Shields


You had 5 spell levels left.
You didn't know any spells.
Your spell library was empty.

Dungeon Overview and Level Annotations

Branches:
Dungeon (5/15)             Temple (0/1) D:5

Altars:
Cheibriados
Qazlal
Uskayaw
Vehumet
Wu Jian
Xom


Message History

Reactivating autopickup.
The sky beast hits you but does no damage.
Unknown command.
You hit the sky beast.
The sky beast is lightly wounded.
The sky beast flickers out of sight!
Deactivating autopickup; reactivate with Ctrl-A.
Something hits you. Something shocks you.
Unknown command.
You miss something. Something hits you. Something shocks you.
You hit something but do no damage. Something hits you but does no damage.
You miss something.
A sky beast appears from thin air!
Reactivating autopickup.
The sky beast hits you but does no damage.
You barely miss the sky beast.
The sky beast is lightly wounded.
The sky beast hits you but does no damage.
You barely miss the sky beast.
The sky beast is lightly wounded.
The sky beast hits you but does no damage.
The sky beast closely misses you.
You closely miss the sky beast.
The sky beast is lightly wounded.
The sky beast hits you. The sky beast shocks you.
* * * LOW HITPOINT WARNING * * *
You miss the sky beast. The sky beast misses you.
You closely miss the sky beast.
The sky beast hits you but does no damage.
You hit the sky beast but do no damage.
The sky beast hits you but does no damage.
You closely miss the sky beast. The sky beast hits you.
* * * LOW HITPOINT WARNING * * *
The sky beast shocks you.
* * * LOW HITPOINT WARNING * * *
You barely miss the sky beast.
The sky beast hits you but does no damage.
The sky beast hits you.
* * * LOW HITPOINT WARNING * * *
The sky beast shocks you.
You die...

#.###. ...$. ..... .. ...#
...##.## ..####......#
#...#.......# ####
#####...#.......# #..
#.......##......# #.#
#.####..##..†Y..########<#
#.# ##.....@...##......## #.#
#..........'......#####
#.#####...####.###...........
#.....'...+ .# #......#####
#######...# # #......# #...#
#......# #...# #......#
########...#+## ###.#.##
#............... #.#.#


You could see a sky beast.

Vanquished Creatures
  A black bear (D:4)
  An ogre (D:5)
  A bullfrog zombie (D:5)
  2 hounds
  5 adders
  4 gnolls (D:3)
  5 worms
  2 dart slugs (D:1)
  11 orcs
  7 bats
  5 endoplasms
  3 giant cockroaches
  4 hobgoblins
  8 jackals
  2 quokkas
  6 ball pythons
  2 frilled lizards
  2 goblins
  7 kobolds
  4 rats (D:1)
82 creatures vanquished.

Vanquished Creatures (others)
  An orc priest (D:4)
  2 orcs (D:4)
  A ball python (D:4)
  A plant (D:1)
5 creatures vanquished.

Grand Total: 87 creatures vanquished

Notes
Turn   | Place    | Note
-------+----------+-------------------------------------------
     0 | D:1      | safid the Hill Orc Fighter began the quest for the Orb.
     0 | D:1      | Reached XP level 1. HP: 19/19 MP: 1/1
   213 | D:1      | Reached XP level 2. HP: 27/27 MP: 2/2
   219 | D:1      | Reached skill level 3 in Axes
   632 | D:1      | Reached XP level 3. HP: 27/33 MP: 3/3
  2007 | D:3      | Found a radiant altar of Vehumet.
  2017 | D:3      | Reached XP level 4. HP: 40/40 MP: 4/4
  2055 | D:3      | Found a faded altar of an unknown god.
  2156 | D:3      | Reached skill level 4 in Axes
  2567 | D:3      | Reached skill level 5 in Axes
  2575 | D:3      | Reached XP level 5. HP: 39/46 MP: 5/5
  3183 | D:4      | Found a stormy altar of Qazlal.
  3228 | D:4      | Found a snail-covered altar of Cheibriados.
  3259 | D:4      | Reached skill level 6 in Axes
  3259 | D:4      | Became a worshipper of Beogh the Brigand
  3408 | D:4      | Found a hide-covered altar of Uskayaw.
  3415 | D:4      | Found a shimmering altar of Xom.
  3582 | D:4      | Found an ornate altar of the Wu Jian Council.
  4138 | D:4      | Noticed a black bear
  4143 | D:4      | Killed a black bear
  4144 | D:4      | Reached skill level 7 in Axes
  4144 | D:4      | Reached XP level 6. HP: 50/52 MP: 6/6
  4157 | D:5      | Entered Level 5 of the Dungeon
  4240 | D:5      | Reached skill level 8 in Axes
  4273 | D:5      | Found a staircase to the Ecumenical Temple.
  4324 | D:5      | Noticed a sky beast
  4343 | D:5      | Slain by a sky beast

Illustrated notes

Levels and vault maps discovered:
D:1:      kennysheep_arrival_seaside, layout_rooms
D:2:      layout_loops_ring
D:3:      layout_loops_ring, mainiacjoe_overflow_chevrons,
          shapermc_ecumenical_altar_venn
D:4:      layout_loops_ring, cheibriados_altar_1, mainiacjoe_overflow_brackets,
          nicolae_overflow_hidden_temple, grunt_qazlal_clouds,
          mainiacjoe_overflow_cross_hatched, nicolae_wormholes
D:5:      layout_basic, minmay_temple_entry_steel_oval, serial_shops,
          kennysheep_little_box, portal_sewer_entry_e, st_stairs_3

Skill      XL: |  1  2  3  4  5  6 |
---------------+-------------------+-----
Axes           | 3 5 7 8 |  8.2
Fighting       | 4 |  4.0
Armour         | 4 |  4.0
Shields        | 4 |  4.0

Action                   |  1- 3 |  4- 6 || total
-------------------------+-------+-------++-------
Melee: War axe           |   102 |   158 ||   260
Throw: Boomerang         |       |     4 ||     4
Invok: Convert to Beogh  |       |     1 ||     1
Armor: Scale mail        |    50 |    77 ||   127
Dodge: Dodged            |    50 |    58 ||   108
Block: Buckler           |    27 |    22 ||    49
